TOP OF THE 1ST |
Columbia River Rats batting - Pitching for Mt. Vernon Bulls : RHP Gene Kelly
|
Pitching: RHP Gene Kelly
|
|
Batting: LHB Ji-e Loh
|
0-0: Ball 1-0: Ball 2-0: Swinging Strike 2-1: Foul Ball, location: 2F 2-2: Strikes out swinging
|
Batting: RHB Lane Ruffin
|
0-0: Called Strike 0-1: Ball 1-1: Called Strike 1-2: Ball 2-2: Strikes out swinging
|
Batting: SHB Dean Barthorpe
|
0-0: Called Strike 0-1: DOUBLE (Line Drive, 5D, EV 100.0 MPH)
|
Batting: RHB Tony Castellanos
|
0-0: Ball 1-0: Called Strike 1-1: Called Strike 1-2: Strikes out swinging
|
Top of the 1st over - 0 runs, 1 hit, 0 errors, 1 left on base; Columbia 0 - Mt. Vernon 0 |
BOTTOM OF THE 1ST |
Mt. Vernon Bulls batting - Pitching for Columbia River Rats : LHP David Fuentes
|
Pitching: LHP David Fuentes
|
|
Batting: RHB Ned Lyons
|
0-0: Ball 1-0: Swinging Strike 1-1: Ball 2-1: Called Strike 2-2: Strikes out looking
|
Batting: LHB Philip Todd
|
0-0: Ball 1-0: Ball 2-0: Ball 3-0: Base on Balls
|
Batting: RHB Doug Page
|
0-0: Ball 1-0: Called Strike 1-1: Ball 2-1: Foul Ball, location: 2F 2-2: SINGLE (Groundball, 4MD, EV 94.4 MPH) Philip Todd to second
|
Batting: RHB Cyrillo Watson
|
0-0: Foul Ball, location: 2F 0-1: Ball 1-1: Ball 2-1: Ball 3-1: Foul Ball, location: 2F 3-2: Fielders Choice at 2nd, 6-4 (Groundball, 56, EV 100.6 MPH) Philip Todd to third
|
Batting: LHB Ramón Torres
|
0-0: Called Strike 0-1: Ball 1-1: SINGLE (Flyball, 9S, EV 86.9 MPH) Philip Todd scores Cyrillo Watson to second Runner from 2nd tries for 3rd, SAFE, no throw by RF
|
Batting: RHB Mike O'Neill
|
0-0: Ball 1-0: Called Strike 1-1: Ball 2-1: Fly out, F3 (Popup, 3SF, EV 78.1 MPH)
|
Bottom of the 1st over - 1 run, 2 hits, 0 errors, 2 left on base; Columbia 0 - Mt. Vernon 1 |
TOP OF THE 2ND |
Columbia River Rats batting - Pitching for Mt. Vernon Bulls : RHP Gene Kelly
|
Batting: RHB John Alexander
|
0-0: Ball 1-0: Called Strike 1-1: Called Strike 1-2: Foul Ball, location: 2F 1-2: Ball 2-2: Ball 3-2: Base on Balls
|
Batting: RHB Pu-feng Zhou
|
0-0: Ball 1-0: Ball 2-0: Ball 3-0: Foul Ball, location: 2F 3-1: Base on Balls John Alexander to second
|
Batting: LHB Frank Morris
|
0-0: Ball 1-0: Foul Ball, location: 2F 1-1: Swinging Strike 1-2: Ball 2-2: Grounds into double play, 4-6-3 (Groundball, 4S, EV 88.8 MPH) John Alexander to third
|
Batting: RHB Cédric Causse
|
0-0: Swinging Strike 0-1: Ball 1-1: Ball 2-1: Ball 3-1: Called Strike 3-2: Ground out 6-3 (Groundball, 6, EV 92.5 MPH)
|
Top of the 2nd over - 0 runs, 0 hits, 0 errors, 1 left on base; Columbia 0 - Mt. Vernon 1 |
BOTTOM OF THE 2ND |
Mt. Vernon Bulls batting - Pitching for Columbia River Rats : LHP David Fuentes
|
Batting: LHB Ben Bullock
|
0-0: Bunt for hit to 2R - play at first, batter OUT! 2-3
|
Batting: RHB Francisco Ortíz
|
0-0: Ball 1-0: Ball 2-0: Called Strike 2-1: Foul Ball, location: 2F 2-2: Ball 3-2: Foul Ball, location: 2F 3-2: Foul Ball, location: 2F 3-2: Base on Balls
|
Batting: RHB John Polk
|
0-0: Ball 1-0: Ball 2-0: Ball 3-0: Called Strike 3-1: Called Strike 3-2: Strikes out swinging
|
Batting: RHB Ned Lyons
|
0-0: Ball 1-0: Ball 2-0: Ball 3-0: Base on Balls Francisco Ortíz to second
|
Batting: LHB Philip Todd
|
0-0: Foul Ball, location: 2F 0-1: Swinging Strike 0-2: Ball 1-2: Strikes out looking
|
Bottom of the 2nd over - 0 runs, 0 hits, 0 errors, 2 left on base; Columbia 0 - Mt. Vernon 1 |
TOP OF THE 3RD |
Columbia River Rats batting - Pitching for Mt. Vernon Bulls : RHP Gene Kelly
|
Batting: LHB Seb Considine
|
0-0: Ball 1-0: Ball 2-0: Called Strike 2-1: Called Strike 2-2: Ground out U3 (Groundball, 3, EV 85.6 MPH)
|
Batting: LHB Ji-e Loh
|
0-0: Ball 1-0: Foul Ball, location: 2F 1-1: Foul Ball, location: 2F 1-2: SINGLE (Line Drive, 78S, EV 93.8 MPH)
|
Batting: RHB Lane Ruffin
|
0-0: Ball 1-0: Fielders Choice at 2nd, 6-4 (Groundball, 6, EV 103.8 MPH)
|
Batting: SHB Dean Barthorpe
|
0-0: Ball 1-0: Ball 2-0: DOUBLE (Line Drive, 7LD, EV 108.1 MPH) Lane Ruffin to third Runner from 3rd tries for Home, SAFE, no throw by LF
|
Batting: RHB Tony Castellanos
|
0-0: SINGLE (Line Drive, 56, EV 95.0 MPH) Dean Barthorpe to third
|
Batting: RHB John Alexander
|
0-0: Called Strike 0-1: Swinging Strike 0-2: Foul Ball, location: 2F 0-2: Strikes out swinging
|
Top of the 3rd over - 1 run, 3 hits, 0 errors, 2 left on base; Columbia 1 - Mt. Vernon 1 |
BOTTOM OF THE 3RD |
Mt. Vernon Bulls batting - Pitching for Columbia River Rats : LHP David Fuentes
|
Batting: RHB Doug Page
|
0-0: Ball 1-0: Foul Ball, location: 2F 1-1: Ground out 5-3 (Groundball, 56, EV 86.2 MPH)
|
Batting: RHB Cyrillo Watson
|
0-0: Called Strike 0-1: DOUBLE (Line Drive, 78D, EV 101.9 MPH)
|
Pitching: LHP Adri van Huizen
|
|
Batting: LHB Ramón Torres
|
0-0: Ball 1-0: Ball 2-0: DOUBLE (Line Drive, 5D, EV 98.1 MPH) Cyrillo Watson scores
|
Batting: RHB Mike O'Neill
|
0-0: Ball Ramón Torres is caught stealing 3rd base 2-5 1-0: Ball 2-0: Called Strike 2-1: Ball 3-1: Base on Balls
|
Batting: LHB Ben Bullock
|
0-0: Ball 1-0: SINGLE (Groundball, 4S, EV 60.6 MPH) (infield hit) Mike O'Neill to second
|
Batting: RHB Francisco Ortíz
|
0-0: Fielders Choice at 2nd, 5-4 (Groundball, 56, EV 83.1 MPH)
|
Bottom of the 3rd over - 1 run, 3 hits, 0 errors, 2 left on base; Columbia 1 - Mt. Vernon 2 |
TOP OF THE 4TH |
Columbia River Rats batting - Pitching for Mt. Vernon Bulls : RHP Gene Kelly
|
Batting: RHB Pu-feng Zhou
|
0-0: Called Strike 0-1: Foul Ball, location: 2F 0-2: Ball 1-2: Ball 2-2: Fly out, F9 (Flyball, 89M, EV 83.1 MPH)
|
Batting: LHB Frank Morris
|
0-0: Fly out, F7 (Flyball, 7LS, EV 96.2 MPH)
|
Batting: RHB Cédric Causse
|
0-0: Ground out 5-3 (Groundball, 56S, EV 71.2 MPH)
|
Top of the 4th over - 0 runs, 0 hits, 0 errors, 0 left on base; Columbia 1 - Mt. Vernon 2 |
BOTTOM OF THE 4TH |
Mt. Vernon Bulls batting - Pitching for Columbia River Rats : LHP Adri van Huizen
|
Batting: RHB John Polk
|
0-0: Foul Ball, location: 2F 0-1: Ball 1-1: Foul Ball, location: 2F 1-2: Fly out, F9 (Flyball, 9S, EV 88.1 MPH)
|
Batting: RHB Ned Lyons
|
0-0: Called Strike 0-1: Ground out 6-3 (Groundball, 56, EV 84.4 MPH)
|
Batting: LHB Philip Todd
|
0-0: Called Strike 0-1: Called Strike 0-2: Ball 1-2: Ball 2-2: Strikes out swinging
|
Bottom of the 4th over - 0 runs, 0 hits, 0 errors, 0 left on base; Columbia 1 - Mt. Vernon 2 |
TOP OF THE 5TH |
Columbia River Rats batting - Pitching for Mt. Vernon Bulls : RHP Gene Kelly
|
Batting: LHB Seb Considine
|
0-0: Called Strike 0-1: Ball 1-1: Swinging Strike 1-2: Ball 2-2: Ball 3-2: Base on Balls
|
Batting: LHB Ji-e Loh
|
0-0: Called Strike 0-1: Ball 1-1: Ball 2-1: Fielders Choice at 2nd, 4-6 (Groundball, 4, EV 90.6 MPH)
|
Batting: RHB Lane Ruffin
|
0-0: Called Strike 0-1: Called Strike 0-2: Ball 1-2: Ball 2-2: Foul Ball, location: 2F 2-2: Ball 3-2: Foul Ball, location: 2F 3-2: Base on Balls Ji-e Loh to second
|
Batting: SHB Dean Barthorpe
|
0-0: Ball 1-0: Called Strike 1-1: SINGLE (Groundball, 34D, EV 100.6 MPH) Ji-e Loh to third Lane Ruffin to second Runner from 3rd tries for Home, SAFE, throw by RF to home
|
Batting: RHB Tony Castellanos
|
0-0: Foul Ball, location: 2F 0-1: Ball 1-1: Swinging Strike 1-2: Strikes out looking
|
Batting: RHB John Alexander
|
0-0: Called Strike 0-1: Ball 1-1: Foul Ball, location: 2F 1-2: Ball 2-2: Fielders Choice at 2nd, 6-4 (Groundball, 6, EV 80.0 MPH)
|
Top of the 5th over - 1 run, 1 hit, 0 errors, 2 left on base; Columbia 2 - Mt. Vernon 2 |
BOTTOM OF THE 5TH |
Mt. Vernon Bulls batting - Pitching for Columbia River Rats : LHP Adri van Huizen
|
Batting: RHB Doug Page
|
0-0: Foul Ball, location: 2F 0-1: Foul Ball, location: 2F 0-2: Ball 1-2: Foul Ball, location: 2F 1-2: Foul Ball, location: 2F 1-2: Strikes out swinging
|
Batting: RHB Cyrillo Watson
|
0-0: Ball 1-0: Called Strike 1-1: Ball 2-1: Foul Ball, location: 2F 2-2: Strikes out looking
|
Batting: LHB Ramón Torres
|
0-0: Foul Ball, location: 2F 0-1: Ball 1-1: Swinging Strike 1-2: Ball 2-2: Strikes out swinging
|
Bottom of the 5th over - 0 runs, 0 hits, 0 errors, 0 left on base; Columbia 2 - Mt. Vernon 2 |
TOP OF THE 6TH |
Columbia River Rats batting - Pitching for Mt. Vernon Bulls : RHP Gene Kelly
|
Batting: RHB Pu-feng Zhou
|
0-0: Foul Ball, location: 2F 0-1: Ball 1-1: Ball 2-1: Ball 3-1: Fly out, F9 (Flyball, 89S, EV 81.2 MPH)
|
Pitching: RHP Dave Newman
|
|
Batting: LHB Frank Morris
|
0-0: Called Strike 0-1: Ball 1-1: Foul Ball, location: 2F 1-2: Ball 2-2: Ball 3-2: Fly out, F7 (Flyball, 78M, EV 90.0 MPH)
|
Batting: RHB Cédric Causse
|
0-0: Called Strike 0-1: Ball 1-1: Ball 2-1: Called Strike 2-2: Foul Ball, location: 2F 2-2: Fly out, F9 (Flyball, 9S, EV 87.5 MPH)
|
Top of the 6th over - 0 runs, 0 hits, 0 errors, 0 left on base; Columbia 2 - Mt. Vernon 2 |
BOTTOM OF THE 6TH |
Mt. Vernon Bulls batting - Pitching for Columbia River Rats : LHP Adri van Huizen
|
Batting: RHB Mike O'Neill
|
0-0: Ball 1-0: Ball 2-0: Called Strike 2-1: Ground out 4-3 (Groundball, 4, EV 82.5 MPH)
|
Batting: LHB Ben Bullock
|
0-0: Ball 1-0: Foul Ball, location: 2F 1-1: Fly out, F7 (Flyball, 7LM, EV 82.5 MPH)
|
Batting: RHB Francisco Ortíz
|
0-0: Ball 1-0: Called Strike 1-1: Ball 2-1: DOUBLE (Line Drive, 89M, EV 104.4 MPH)
|
Batting: RHB John Polk
|
0-0: Swinging Strike 0-1: Ball 1-1: Swinging Strike 1-2: Ground out 6-3 (Groundball, 56, EV 78.8 MPH)
|
Bottom of the 6th over - 0 runs, 1 hit, 0 errors, 1 left on base; Columbia 2 - Mt. Vernon 2 |
TOP OF THE 7TH |
Columbia River Rats batting - Pitching for Mt. Vernon Bulls : RHP Dave Newman
|
Batting: LHB Seb Considine
|
0-0: Ball 1-0: DOUBLE (Line Drive, 8RXD, EV 106.2 MPH)
|
Batting: LHB Ji-e Loh
|
0-0: Intentional Walk
|
Batting: RHB Lane Ruffin
|
0-0: Ball 1-0: Called Strike 1-1: SINGLE (Groundball, 13S, EV 64.4 MPH) (infield hit) Seb Considine to third Ji-e Loh to second
|
Batting: SHB Dean Barthorpe
|
0-0: Swinging Strike 0-1: Fly out, F8 (Line Drive, 8LM, EV 100.6 MPH) Runner from 3rd tags up, SCORES, no throw by CF
|
Batting: RHB Tony Castellanos
|
0-0: Ball 1-0: Ball 2-0: Grounds into double play, 6-4-3 (Groundball, 56, EV 106.9 MPH)
|
Top of the 7th over - 1 run, 2 hits, 0 errors, 1 left on base; Columbia 3 - Mt. Vernon 2 |
BOTTOM OF THE 7TH |
Mt. Vernon Bulls batting - Pitching for Columbia River Rats : LHP Adri van Huizen
|
Batting: RHB Ned Lyons
|
0-0: Called Strike 0-1: Swinging Strike 0-2: Ball 1-2: SINGLE (Groundball, 6MD, EV 105.0 MPH)
|
Pitching: LHP Kevin MacIvor
|
|
Pinch Hitting: RHB Parker Truesdale
|
0-0: Ball 1-0: Sac Bunt to 2R - play at first, batter OUT! 2-4 Ned Lyons to second
|
Batting: RHB Doug Page
|
0-0: Ball 1-0: Ball 2-0: Foul Ball, location: 2F 2-1: SINGLE (Line Drive, 4D, EV 102.5 MPH) Ned Lyons to third
|
Batting: RHB Cyrillo Watson
|
0-0: Ball 1-0: Ball 2-0: Called Strike 2-1: Fly out, F5 (Line Drive, 5, EV 65.0 MPH)
|
Batting: LHB Ramón Torres
|
0-0: Foul Ball, location: 2F 0-1: Swinging Strike 0-2: SINGLE (Groundball, 56D, EV 99.4 MPH) Ned Lyons scores Doug Page to second
|
Batting: RHB Mike O'Neill
|
0-0: Ball 1-0: Ball 2-0: Fly out, F7 (Line Drive, 7, EV 101.2 MPH)
|
Bottom of the 7th over - 1 run, 3 hits, 0 errors, 2 left on base; Columbia 3 - Mt. Vernon 3 |
TOP OF THE 8TH |
Columbia River Rats batting - Pitching for Mt. Vernon Bulls : RHP Dave Newman
|
Now in LF: Joe Smith
|
|
Batting: RHB John Alexander
|
0-0: Ground out 5-3 (Groundball, 56S, EV 70.6 MPH)
|
Batting: RHB Pu-feng Zhou
|
0-0: Ball 1-0: Fly out, F8 (Flyball, 8LXD, EV 90.0 MPH)
|
Batting: LHB Frank Morris
|
0-0: Called Strike 0-1: Ball 1-1: Ball 2-1: SINGLE (Groundball, 6MD, EV 103.1 MPH)
|
Pinch Runner at 1st Christian Payne:
|
|
Batting: RHB Cédric Causse
|
0-0: Ball Christian Payne steals 2nd base (no throw) 1-0: Intentional Walk
|
Batting: LHB Seb Considine
|
0-0: DOUBLE (Line Drive, 7LM, EV 106.2 MPH) Christian Payne scores Cédric Causse to third Runner from 3rd tries for Home, SAFE, no throw by LF
|
Batting: LHB Ji-e Loh
|
0-0: Intentional Walk
|
Pitching: LHP James Hall
|
|
Batting: RHB Lane Ruffin
|
0-0: Ball 1-0: Ball 2-0: TRIPLE (Line Drive, 78XD, EV 103.1 MPH) Seb Considine scores Ji-e Loh scores
|
Batting: SHB Dean Barthorpe
|
0-0: Foul Ball, location: 2F 0-1: Called Strike 0-2: Fly out, F3 (Popup, 34S, EV 65.6 MPH)
|
Top of the 8th over - 4 runs, 3 hits, 0 errors, 1 left on base; Columbia 7 - Mt. Vernon 3 |
BOTTOM OF THE 8TH |
Mt. Vernon Bulls batting - Pitching for Columbia River Rats : LHP Kevin MacIvor
|
Batting: LHB Ben Bullock
|
0-0: Ball 1-0: Ball 2-0: Foul Ball, location: 2F 2-1: SINGLE (Groundball, 34D, EV 94.4 MPH)
|
Batting: RHB Francisco Ortíz
|
0-0: Ball 1-0: Foul Ball, location: 2F 1-1: Foul Ball, location: 2F 1-2: Ball 2-2: Fielders Choice at 2nd, 4-6 (Groundball, 34, EV 88.1 MPH)
|
Batting: RHB John Polk
|
0-0: Ball 1-0: Ball 2-0: Called Strike 2-1: Swinging Strike 2-2: Foul Ball, location: 2F 2-2: Ball 3-2: Strikes out swinging
|
Batting: RHB Ned Lyons
|
0-0: Ball 1-0: Ball 2-0: Swinging Strike 2-1: Ball 3-1: Foul Ball, location: 2F 3-2: Strikes out swinging, 2-3 out at first.
|
Bottom of the 8th over - 0 runs, 1 hit, 0 errors, 1 left on base; Columbia 7 - Mt. Vernon 3 |
TOP OF THE 9TH |
Columbia River Rats batting - Pitching for Mt. Vernon Bulls : LHP James Hall
|
Batting: RHB Tony Castellanos
|
0-0: Swinging Strike 0-1: Called Strike 0-2: Ball 1-2: Strikes out swinging
|
Batting: RHB John Alexander
|
0-0: Foul Ball, location: 2F 0-1: Called Strike 0-2: Ball 1-2: Foul Ball, location: 2F 1-2: Foul Ball, location: 2F 1-2: Ball 2-2: Ball 3-2: SINGLE (Flyball, 4D, EV 92.5 MPH)
|
Batting: RHB Pu-feng Zhou
|
0-0: Called Strike 0-1: Ball 1-1: Ball 2-1: Ball 3-1: Base on Balls John Alexander to second
|
Batting: SHB Christian Payne
|
0-0: Ball 1-0: Ball 2-0: Called Strike 2-1: Foul Ball, location: 2F 2-2: Strikes out swinging
|
Batting: RHB Cédric Causse
|
0-0: Called Strike 0-1: Ball 1-1: Foul Ball, location: 2F 1-2: Ball 2-2: Ball 3-2: Foul Ball, location: 2F 3-2: Base on Balls John Alexander to third Pu-feng Zhou to second
|
Batting: LHB Seb Considine
|
0-0: Foul Ball, location: 2F 0-1: Foul Ball, location: 2F 0-2: DOUBLE (Line Drive, 89XD, EV 109.4 MPH) John Alexander scores Pu-feng Zhou scores Cédric Causse to third
|
Batting: LHB Ji-e Loh
|
0-0: Ball 1-0: Called Strike 1-1: Fly out, F8 (Flyball, 8RXD, EV 97.5 MPH)
|
Top of the 9th over - 2 runs, 2 hits, 0 errors, 2 left on base; Columbia 9 - Mt. Vernon 3 |
BOTTOM OF THE 9TH |
Mt. Vernon Bulls batting - Pitching for Columbia River Rats : LHP Kevin MacIvor
|
Batting: RHB Joe Smith
|
0-0: Ball 1-0: Ball 2-0: Fly out, F9 (Flyball, 9, EV 91.2 MPH)
|
Batting: RHB Doug Page
|
0-0: Foul Ball, location: 2F 0-1: Ball 1-1: Called Strike 1-2: Strikes out swinging
|
Batting: RHB Cyrillo Watson
|
0-0: Ball 1-0: Ground out U3 (Groundball, 3, EV 102.5 MPH)
|
Bottom of the 9th over - 0 runs, 0 hits, 0 errors, 0 left on base; Columbia 9 - Mt. Vernon 3 |
|